 Dungeon Crawl Stone Soup version 0.24-a0-203-gf0bc1e9 (console) character file.

Game seed: 12577563047656672811

38 bli the Skirmisher (level 3, -4/31 HPs)
             Began as a Demonspawn Wanderer on Mar 26, 2019.
             Slain by a flying skull (13 damage)
             ... on level 1 of the Abyss.
             The game lasted 00:05:33 (1179 turns).

bli the Skirmisher (Demonspawn Wanderer)            Turns: 1179, Time: 00:05:34

Health: -4/31      AC:  3    Str: 11    XL:     3   Next: 25%
Magic:  3/3        EV: 11    Int: 12    God:
Gold:   107        SH:  3    Dex: 15    Spells: 2/2 levels left

rFire    . . .     SeeInvis .   a - +2 mace
rCold    . . .     Gourm    .   o - +0 buckler
rNeg     . . .     Faith    .   e - +0 robe
rPois    .         Spirit   .   (no helmet)
rElec    .         Reflect  .   (no cloak)
rCorr    .         Harm     .   t - +0 pair of gloves
MR       .....                  (no boots)
Stlth    ++........             (no amulet)
HPRegen  0.10/turn              (no ring)
MPRegen  0.08/turn              (no ring)

@: no status effects
A: powered by death 1, rot immunity
a: no special abilities


You were on level 1 of the Abyss.
You were not hungry.

You visited 1 branch of the dungeon, and saw 2 of its levels.
You visited the Abyss 1 time.

You collected 107 gold pieces.

Inventory:

Hand Weapons
 a - a +2 mace (weapon)
 b - a +0 shortbow
 i - a +0 hunting sling
 m - a +0 spear
 w - a +0 hand axe
Missiles
 c - 59 arrows
 j - 65 stones (quivered)
 s - 13 poisoned needles
Armour
 e - a +0 robe (worn)
 k - a cursed +0 leather armour
 n - a +0 chain mail
 o - a +0 buckler (worn)
 r - a +0 shield
 t - a +0 pair of gloves (worn)
Scrolls
 l - a scroll of magic mapping {unknown}
 p - a scroll of fear {unknown}
 q - a scroll of blinking {unknown}
 v - a scroll of identify {unknown}
Potions
 d - a potion of lignification
 g - a potion of ambrosia {unknown}
 u - 2 potions of invisibility {unknown}
 x - a potion of agility {unknown}
Comestibles
 f - 4 rations
 h - 6 chunks of flesh


   Skills:
 + Level 4.5 Fighting
 + Level 3.1 Maces & Flails
 - Level 1.0 Armour
 + Level 0.6 Dodging
 + Level 1.3 Stealth
 * Level 0.2 Shields
   Level 1.0 Evocations


You had 2 spell levels left.
You didn't know any spells.
Your spell library was empty.

Dungeon Overview and Level Annotations

Branches:
Dungeon (2/15)

Altars:


Innate Abilities, Weirdness & Mutations

You regenerate a little health from kills.
You are immune to rotting.


Message History

Found 5 gold pieces.
Unknown command.
Found a brown potion and a ration.
Found a ration.
You now have 78 gold pieces (gained 5).
f - 3 rations (gained 1) Some of the chunks of flesh in your inventory have rotted away.
x - a brown potion
f - 4 rations (gained 1)
You now have 107 gold pieces (gained 29).
An ancient zyme comes into view.
A flying skull comes into view.
A flying skull comes into view.
You miss the flying skull. The flying skull closely misses you.
You closely miss the flying skull. The flying skull hits you. x2
You hit the flying skull but do no damage.
The flying skull hits you. The flying skull hits you!
* * * LOW HITPOINT WARNING * * *
You miss the flying skull. The flying skull hits you!
You die...

.. #.# .# ##
#.##.#..
#.##.#.##.##.
#.##.#.# .# #
####
#......#...#
.....###..#
.....##
#....@z.#..##.
.##
#..#.#.......##.
.# #
##..#.##.#.##.
##...# ### .# #
#.....z....#
##..#..#####
##..### #...#
... . .. .##. .#
#..


You could see a flying skull.

Vanquished Creatures
  A worm (D:2)
  3 leopard geckos
  A ball python (D:1)
  A giant cockroach (D:1)
  6 hobgoblins
  6 bats
  2 frilled lizards
  3 goblins
  4 kobolds
  6 rats
33 creatures vanquished.

Notes
Turn   | Place    | Note
-------+----------+-------------------------------------------
     0 | D:1      | bli the Demonspawn Wanderer began the quest for the Orb.
     0 | D:1      | bli set off with the following items: a +2 mace, a +0
                  | shortbow, 23 arrows, a potion of lignification, a +0 robe,
                  | a ration
     0 | D:1      | Reached XP level 1. HP: 19/19 MP: 1/1
   155 | D:1      | Gained mutation: You regenerate a little health from kills.
                  | [demonic ancestry]
   155 | D:1      | Reached XP level 2. HP: 12/25 MP: 2/2
   817 | D:2      | Gained mutation: You are immune to rotting. [demonic
                  | ancestry]
   817 | D:2      | Reached XP level 3. HP: 14/31 MP: 3/3
  1037 | D:2      | Cast into level 1 of the Abyss (kobold)
  1117 | Abyss:1  | Noticed an ancient zyme
  1162 | Abyss:1  | Noticed a flying skull
  1169 | Abyss:1  | Noticed a flying skull
  1179 | Abyss:1  | Slain by a flying skull

Levels and vault maps discovered:
D:1:      lemuel_arrival_funnel, layout_rooms, serial_curves, eino_curves_02,
          eino_curves_03, eino_curves_01, eino_curves_04
D:2:      layout_loops_ring, lemuel_round_altar, first_ration, minmay_between,
          uniq_sigmund, uniq_robin, uniq_jessica
Abyss:1

Skill      XL: |  1  2 |
---------------+-------+-----
Maces & Flails | 3 |  3.1
Fighting       | |  4.5
Armour         | |  1.0
Dodging        | |  0.6
Stealth        | |  1.3
Shields        | |  0.2
Evocations     | |  1.0

Action                   || total
-------------------------++-------
Melee: Mace              ||    94
Throw: Stone             ||     1
 Stab: Sleeping          ||     4
  Eat: Chunk             ||     1
Armor: Robe              ||    11
Dodge: Dodged            ||    51
Block: Buckler           ||    10

Table legend:
 A = Non-vault XP
 B = Vault XP
 C = Vault XP percentage of total XP
 D = Non-vault monster count
 E = Vault monster count
 F = Vault count percentage of total count
                 A         B        C        D         E       F
            +---------+---------+-------+---------+---------+-------
      Total |      55 |       0 |   0.0 |      33 |       0 |   0.0
            +---------+---------+-------+---------+---------+-------
        D:1 |      34 |       0 |   0.0 |      22 |       0 |   0.0
        D:2 |      21 |       0 |   0.0 |      11 |       0 |   0.0
            +---------+---------+-------+---------+---------+-------
